 Dungeon Crawl Stone Soup version 0.16-a0-3303-g3c4fcab (webtiles) character file.

2543 Fiveotanaka the Zephyrmancer (level 9, -5/62 HPs)
             Began as a Black Draconian Air Elementalist on Dec 25, 2014.
             Was a Believer of Vehumet.
             Slain by a wight
             ... wielding a +0 scimitar
              (8 damage)
             ... on level 7 of the Dungeon.
             The game lasted 00:33:10 (9149 turns).

Fiveotanaka the Zephyrmancer (DrAE)                 Turns: 9149, Time: 00:33:10

Health: -5/62      AC: 10    Str: 11    XL:     9   Next: 30%
Magic:  10/14      EV: 12    Int: 18    God:    Vehumet [**....]
Gold:   350        SH:  0    Dex: 12    Spells: 4 memorised, 1 level left

rFire  . . .     SeeInvis .     t - +2 dagger (venom)
rCold  . . .     Clarity  .     (armour unavailable)
rNeg   . . .     SustAb   .     (no shield)
rPois  .         Gourm    .     (helmet restricted)
rElec  +         Spirit   .     l - +0 cloak (curse)
rCorr  .         Warding  .     (no gloves)
rMut   .         Stasis   .     a - +1 pair of boots
MR     .....                    i - amulet of faith (curse)
Stlth  ++........               (no ring)
                                (no ring)

@: about to teleport, repel missiles, drained, not resistant to hostile
enchantments, unstealthy
A: breathe lightning, unfitting armour, electricity resistance, cold-blooded, AC
+7
a: Breathe Lightning, Renounce Religion


You were on level 7 of the Dungeon.
You worshipped Vehumet.
Vehumet was pleased with you.
You were very hungry.

You visited 1 branch of the dungeon, and saw 7 of its levels.
You also visited: Ossuary.

You collected 350 gold pieces.

Inventory:

Hand weapons
 e - a +0 club
 t - a +2 dagger of venom (weapon)
Missiles
 d - 3 throwing nets
 j - 143 stones (quivered)
 y - 12 poisoned needles
Armour
 a - a +1 pair of boots (worn)
 l - a cursed +0 cloak (worn)
Rods
 B - a -3 rod of clouds (12/12)
   (You found it on level 5 of the Dungeon)
Jewellery
 h - an uncursed ring of fire
 i - a cursed amulet of faith (around neck)
 z - an uncursed ring of fire
Magical devices
 F - a wand of flame (26)
Scrolls
 f - 4 scrolls of enchant armour
 k - 3 scrolls of remove curse
 m - 3 scrolls of enchant weapon
 p - 2 scrolls of teleportation
 q - a scroll of blinking {unknown}
 r - 2 scrolls of fear
 v - a scroll of recharging {unknown}
 w - a scroll of identify
 G - a scroll of amnesia {unknown}
Potions
 g - 3 potions of heal wounds
 n - a potion of degeneration {unknown}
 o - 3 potions of curing
 s - a potion of berserk rage {unknown}
 u - 4 potions of lignification
 x - a potion of brilliance
Books
 b - a book of Air

   Spells                             Type                      Level
   a - Shock                          Conjuration/Air              1
   b - Swiftness                      Charms/Air                   2
   c - Repel Missiles                 Charms/Air                   2
   d - Flight                         Charms/Air                   3
   e - Static Discharge               Conjuration/Air              3
   f - Lightning Bolt                 Conjuration/Air              5
 A - a book of the Tempests

   Spells                             Type                      Level
   a - Static Discharge               Conjuration/Air              3
   b - Lightning Bolt                 Conjuration/Air              5
   c - Fireball                       Conjuration/Fire             5
   d - Tornado                        Air                          9
   e - Shatter                        Earth                        9
Comestibles
 c - 5 bread rations
 E - a meat ration


   Skills:
 - Level 1.7(1.4) Dodging
 - Level 1.7(1.4) Stealth
 - Level 2.0(1.6) Spellcasting
 + Level 7.6(7.2) Conjurations
 - Level 12.3(11.9) Air Magic


You had one spell level left.
You knew the following spells:

 Your Spells              Type           Power        Failure   Level  Hunger
a - Shock                 Conj/Air       ####         1%          1    #......
b - Repel Missiles        Chrm/Air       ###...       2%          2    ###....
c - Static Discharge      Conj/Air       #####...     1%          3    ###....
d - Lightning Bolt        Conj/Air       #####.....   12%         5    ######.


Dungeon Overview and Level Annotations

Branches:
Dungeon (7/15)             Temple (0/1) D:6

Altars:
Kikubaaqudgha
Nemelex Xobeh
Okawaru
Qazlal
Ru
Vehumet
Yredelemnul


Innate Abilities, Weirdness & Mutations

You can breathe wild blasts of lightning.
Your glossy black scales are hard (AC +7).
Your body does not fit into most forms of armour.
You are resistant to electric shocks.
Your cold-blooded metabolism reacts poorly to cold.


Message History

There is a stone staircase leading up here.
You see here a whip.
Read which item? (? for menu, Esc to quit)
As you read the scroll of fear, it crumbles to dust.
You assume a fearsome visage.
The wight is unaffected.
The wight is unaffected.
The wight is unaffected. x3
The bat skeleton is unaffected.
The wight hits you but does no damage. The wight barely misses you. x2
The wight hits you with a mace.
* * * LOW HITPOINT WARNING * * *
Read which item? (? for menu, Esc to quit)
As you read the scroll of teleportation, it crumbles to dust.
You feel strangely unstable.
You feel yourself speed up. The wight hits you with a war axe!
* * * LOW HITPOINT WARNING * * *
You feel drained.
* * * LOW HITPOINT WARNING * * *
The wight hits you with a scimitar!
You die...

#. ##..#........ #..
##.†B...B...<.
#.##...#.......#.
#......###........
###...#....<.....#
#.......#)##.......#
#..........#.......
...##.z#z.....#.....
. #.z@zZ..#.......
#..#z..........
#...............
............##..
.####.#.#......
#......... .........
.. . ...


You could see a goliath beetle, 5 wights and a bat skeleton.

Vanquished Creatures
  A wyvern (D:6)
  A necrophage (D:7)
  A water moccasin (D:4)
  4 ogres
  An orc warrior (D:6)
  A phantom (D:6)
  A centaur (D:5)
  2 ice beasts (D:6)
  A giant frog (D:7)
  4 water moccasin zombies (Ossuary)
  A big kobold (D:7)
  2 scorpions
  A centaur zombie (D:6)
  2 crimson imps
  2 iguanas
  A jelly (D:7)
  5 orc priests
  6 orc wizards
  2 worker ants
  3 big kobold zombies (Ossuary)
  A hound zombie (D:5)
  3 mummies
  2 worker ant zombies
  8 adders
  6 gnolls
  2 shadow imps
  A giant mite (D:1)
  4 worms
  2 adder zombies (Ossuary)
  4 giant geckos
  An ooze (D:4)
  30 orcs
  9 bats
  A gnoll zombie (Ossuary)
  14 goblins
  11 hobgoblins
  7 jackals
  A quokka (D:6)
  A ball python zombie (D:5)
  4 giant cockroaches
  2 giant gecko skeletons (D:4)
  3 giant newts
  5 hobgoblin zombies (Ossuary)
  16 kobolds
  4 kobold zombies (Ossuary)
  5 orc zombies (Ossuary)
  A quokka skeleton (D:5)
  14 rats
204 creatures vanquished.

Vanquished Creatures (others)
  A human (D:5)
  A worm (D:2)
  A bat (D:4)
  A hobgoblin (D:4)
  A goblin (D:4)
5 creatures vanquished.

Grand Total: 209 creatures vanquished

Notes
Turn   | Place    | Note
--------------------------------------------------------------
     0 | D:1      | Fiveotanaka, the Draconian Air Elementalist, began the quest for the Orb.
     0 | D:1      | Reached XP level 1. HP: 14/14 MP: 3/3
   405 | D:1      | Reached XP level 2. HP: 20/20 MP: 0/4
   612 | D:1      | Reached skill level 4 in Air Magic
   652 | D:1      | Learned a level 2 spell: Repel Missiles
  1019 | D:2      | Reached XP level 3. HP: 26/26 MP: 0/6
  1121 | D:2      | Found a sparkling altar of Nemelex Xobeh.
  1189 | D:2      | Learned a level 3 spell: Static Discharge
  1240 | D:2      | HP: 1/26 [poisoned by an adder]
  1766 | D:2      | Found a basalt altar of Yredelemnul.
  1929 | D:2      | Reached XP level 4. HP: 33/33 MP: 2/7
  2124 | D:2      | Reached skill level 5 in Air Magic
  2448 | D:3      | Reached XP level 5. HP: 32/38 MP: 0/9
  2685 | D:3      | Reached skill level 6 in Air Magic
  3841 | D:4      | Found a sand-covered staircase.
  3873 | Ossuary  | Entered an ossuary
  3943 | Ossuary  | Reached XP level 6. HP: 36/45 MP: 0/10
  4116 | Ossuary  | Reached skill level 7 in Air Magic
  4670 | Ossuary  | Reached skill level 8 in Air Magic
  4763 | Ossuary  | Your scales start taking on a glossy black colour.
  4763 | Ossuary  | Gained mutation: You are resistant to electric shocks. [draconian maturity]
  4763 | Ossuary  | Reached skill level 9 in Air Magic
  4763 | Ossuary  | Reached XP level 7. HP: 41/50 MP: 0/12
  4941 | D:4      | Reached skill level 10 in Air Magic
  5471 | D:4      | Found a stormy altar of Qazlal.
  5590 | D:4      | Noticed an ogre
  5649 | D:4      | Killed an ogre
  5818 | D:4      | Noticed a water moccasin
  5832 | D:4      | Reached skill level 11 in Air Magic
  5834 | D:4      | Killed a water moccasin
  6100 | D:4      | Found a sacrificial altar of Ru.
  6282 | D:5      | Entered Level 5 of the Dungeon
  6319 | D:5      | Reached XP level 8. HP: 55/57 MP: 8/13
  6394 | D:5      | Reached skill level 12 in Air Magic
  6680 | D:5      | Identified a -3 rod of clouds (12/12) (You found it on level 5 of the Dungeon)
  6824 | D:5      | Learned a level 5 spell: Lightning Bolt
  7099 | D:5      | Found a radiant altar of Vehumet.
  7109 | D:5      | Became a worshipper of Vehumet
  7170 | D:5      | Found an ancient bone altar of Kikubaaqudgha.
  7170 | D:5      | Noticed a human
  7175 | D:5      | Killed a human
  7710 | D:6      | Found an iron altar of Okawaru.
  7789 | D:6      | Acquired Vehumet's first power
  7789 | D:6      | Offered knowledge of Freeze by Vehumet.
  7973 | D:6      | Reached skill level 5 in Conjurations
  8235 | D:6      | Found a staircase to the Ecumenical Temple.
  8639 | D:6      | Reached XP level 9. HP: 62/62 MP: 11/14
  9077 | D:7      | Offered knowledge of Sting by Vehumet.
  9149 | D:7      | HP: 3/62 [wight/war axe (4)]
  9149 | D:7      | Slain by a wight

Action                   |  1- 3 |  4- 6 |  7- 9 || total
-------------------------+-------+-------+-------++-------
Melee: Club              |    28 |    18 |       ||    46
       Dagger            |       |    54 |    77 ||   131
 Cast: Shock             |    62 |   164 |   280 ||   506
       Static Discharge  |       |     2 |     3 ||     5
       Repel Missiles    |       |       |     1 ||     1
 Abil: Breathe Lightning |       |       |    14 ||    14
  Use: Potion            |     3 |       |       ||     3
       Scroll            |       |     1 |     9 ||    10
  Eat: Chunk             |     4 |     9 |    11 ||    24
       Bread ration      |       |     1 |     1 ||     2
       Beef jerky        |       |     1 |       ||     1
       Pizza             |       |       |     1 ||     1
